 Dungeon Crawl Stone Soup version 0.29.1-1-gd02db6906a (webtiles) character file.

Game seed: 10294033783166054537

21634 112233 the Zephyrmancer (level 12, -3/74 HPs)
             Began as a Tengu Air Elementalist on Oct 6, 2022.
             Was a High Priest of Vehumet.
             Slain by an orc high priest
             ... wielding a +0 battleaxe
              (13 damage)
             ... on level 1 of the Orcish Mines.
             The game lasted 00:14:50 (19506 turns).

112233 the Zephyrmancer (Tengu Air Elementalist)   Turns: 19506, Time: 00:14:51

Health: -3/74      AC:  6    Str: 10    XL:     12   Next: 92%
Magic:  14/37      EV: 19    Int: 33    God:    Vehumet [*****.]
Gold:   910        SH:  5    Dex: 16    Spells: 12/33 levels left

rFire   . . .      SeeInvis +   Q - +8 hand axe "Ytobuuz" {protect, rC++ Str+2}
rCold   + + .      Faith    .   (no shield)
rNeg    . . .      Spirit   .   j - +2 leather armour of Calculation {*Corrode Regen+ Int+7 SInv}
rPois   .          Reflect  +   (helmet restricted)
rElec   .          Harm     .   M - +0 cloak
rCorr   .          Rampage  .   (no gloves)
Will    .....                   (boots unavailable)
Stlth   ++........              i - amulet of reflection
HPRegen 1.02/turn               l - +6 ring of intelligence
MPRegen 0.25/turn               T - ring of magical power

@: flying quickly and evasively, quick
A: beak, talons 3, nimble flight
a: Renounce Religion


You were on level 1 of the Orcish Mines.
You worshipped Vehumet.
Vehumet was extremely pleased with you.
You visited 2 branches of the dungeon, and saw 14 of its levels.

You collected 910 gold pieces.

Inventory:

Hand Weapons
 d - a +0 dagger
 r - a +3 short sword of flaming
 u - a +3 dagger
 Q - the +8 hand axe "Ytobuuz" (weapon) {protect, rC++ Str+2}
   (You found it on level 10 of the Dungeon)

   It grants its wielder temporary protection when it strikes (+7 to AC).
   Str:       It affects your strength (+2).
   rC:        It greatly protects you from cold.
Missiles
 F - 2 throwing nets
Armour
 a - a +0 robe
 j - the +2 leather armour of Calculation (worn) {*Corrode Regen+ Int+7 SInv}
   (You found it on level 2 of the Dungeon)

   Int:       It affects your intelligence (+7).
   SInv:      It lets you see invisible.
   Regen:     It increases your rate of health regeneration.
   *Corrode:  It may corrode you when you take damage.
 y - a +0 buckler
 M - a +0 cloak (worn)
 N - a +0 cloak
Magical Staves
 P - a staff of cold
Jewellery
 h - a ring of ice
 i - an amulet of reflection (around neck)
 l - a +6 ring of intelligence (left hand)
 n - a +6 ring of strength
 v - a ring of fire
 B - an amulet of faith
 E - a +4 ring of evasion
 L - a +6 ring of dexterity
 S - a ring of wizardry
 T - a ring of magical power (right hand)
Wands
 b - a wand of flame (24)
 q - a wand of charming (16)
 R - a wand of roots (6)
Scrolls
 c - 6 scrolls of noise {unknown}
 f - 11 scrolls of identify {unknown}
 g - 2 scrolls of amnesia
 k - 2 scrolls of brand weapon {unknown}
 w - 6 scrolls of teleportation {unknown}
 A - 4 scrolls of immolation {unknown}
 C - a scroll of enchant weapon {unknown}
 H - 2 scrolls of magic mapping {unknown}
 J - 3 scrolls of butterflies {unknown}
 K - a scroll of blinking {unknown}
 U - a scroll of vulnerability {unknown}
Potions
 e - 3 potions of curing
 m - 2 potions of brilliance
 o - a potion of berserk rage {unknown}
 p - 3 potions of flight {unknown}
 s - 5 potions of degeneration {unknown}
 t - 4 potions of resistance {unknown}
 x - 3 potions of lignification {unknown}
 z - 3 potions of attraction {unknown}
 D - a potion of mutation {unknown}
 G - a potion of invisibility {unknown}
 I - 2 potions of heal wounds {unknown}
 O - 2 potions of might {unknown}


   Skills:
 + Level 8.2 Fighting
 - Level 2.0 Armour
 + Level 9.4 Dodging
 - Level 2.1 Stealth
 * Level 11.0 Spellcasting
 + Level 9.7 Conjurations
 * Level 14.7 Air Magic


You had 12 spell levels left.
You knew the following spells:

 Your Spells              Type           Power      Damage    Failure   Level
a - Shock                 Conj/Air       100%       1d9       0%          1
b - Static Discharge      Conj/Air       78%        3-13/arc  1%          2
c - Airstrike             Air            43%        2d(7-23)  1%          4
d - Swiftness             Air            86%        N/A       1%          3
e - Blink                 Tloc           36%        N/A       4%          2
f - Summon Lightning Spi  Summ/Air       61%        N/A       1%          4
g - Lightning Bolt        Conj/Air       39%        1d57      1%          5

Your spell library contained the following spells:

 Spells                   Type           Power      Damage    Failure   Level
 Freezing Cloud           Conj/Ice/Air   32%        6-21      1%          5
 Magic Dart               Conj           100%       1d8       1%          1
 Lesser Beckoning         Tloc           18%        N/A       10%         3
 Ozocubu's Armour         Ice            18%        N/A       10%         3
 Summon Guardian Golem    Hex/Summ       18%        N/A       10%         3
 Animate Armour           Summ/Erth      36%        N/A       32%         4
 Manifold Assault         Tloc           18%        N/A       67%         5
 Metabolic Englaciation   Hex/Ice        9%         N/A       67%         5
 Simulacrum               Ice/Necr       9%         N/A       99%         6
 Necromutation            Tmut/Necr      9%         N/A       100%        8


Dungeon Overview and Level Annotations

Branches:
Dungeon (13/15)            Temple (0/1) D:6            Lair (0/5) D:10
    Orc (1/2) D:12
 Vaults: D:13-14

Altars:
Ashenzari
Cheibriados
Elyvilon
Fedhas
Gozag
Kikubaaqudgha
Makhleb
Ru
Sif Muna
Trog
Vehumet
Wu Jian
Xom
Yredelemnul
Zin
The Shining One

Shops:
D:1 ?[   D:7 *   D:10 [

Annotations:
D:4 exclusion: downstairs
D:6 1 runed translucent door, Crazy Yiuf
D:7 exclusion: oklob plant
D:8 2 transporters, po7itron's ghost, novice TrBe
D:12 exclusion: downstairs


Innate Abilities, Weirdness & Mutations

You have a beak for a mouth.
You have claws for feet.
Your magical nature lets you fly swiftly and evasively.


Message History

The sixfirhy hits you but does no damage.
The sixfirhy closely misses you. The chaos spawn completely misses you.
The sixfirhy closely misses you.
Unknown command.
Unknown command.
Casting: Airstrike (safe; 1% risk of failure)
Confirm with . or Enter, or press ? or * to list all spells.
Okay, then.
The sixfirhy attacks as you move away!
The sixfirhy hits you but does no damage.
The sixfirhy hits you!
* * * LOW HITPOINT WARNING * * *
The sixfirhy shocks you!
* * * LOW HITPOINT WARNING * * *
The orc high priest prays.
Things that are here:
a +0 whip; a +0 ring mail
Okay, then.
As you read the scroll labelled OHIHITEFRE, it crumbles to dust.
It is a scroll of amnesia.
Really abort (and waste the scroll)? [Y]es or [N]o only, please.
Really abort (and waste the scroll)?
Okay, then.
Unknown command.
Unknown command.
Okay, then.
Unknown command.
Okay, then.
Okay, then.
Casting: Airstrike (safe; 1% risk of failure)
Confirm with . or Enter, or press ? or * to list all spells.
Okay, then.
Casting: Airstrike (safe; 1% risk of failure)
Confirm with . or Enter, or press ? or * to list all spells.
An electric hum fills the air.
You feel stable enough to blink again. The chaos spawn barely misses you.
The orc high priest hits you with a +0 battleaxe!
You die...

#....)# ##..## #.....#
#...# #..#..' ##.##
#....)# ##.## #...))#
... #....
#..#..#######..# ###...
#............... #.....
#....834........ #.....
#..8..#@.#..#..8 #.....
#.....o)........ #...#.
#............... #....#
########'')#########....
.#................###..
.....8.....8.........#.
.#.....................
####..................
##....)#...........


You could see an orc high priest, a sixfirhy (summoned, ally target), a chaos
spawn (summoned) and a friendly lightning spire (summoned).

Vanquished Creatures
  Nessos (D:12)
  Josephine (Orc:1)
  A hydra (D:12)
  A centaur warrior (D:10)
  6 two-headed ogres
  An ugly thing (D:10)
  2 manticores
  A cyclops (D:13)
  An unseen horror (D:12)
  7 trolls
  A meliai (D:10)
  A hornet (D:9)
  A dream sheep (shapeshifter) (D:10)
  2 shadows (D:12)
  6 wraiths
  A wyvern (D:9)
  An unseen horror simulacrum (D:10)
  20 yaks
  A vampire mosquito (D:10)
  Grum (D:9)
  A warg (Orc:1)
  2 water moccasins
  2 acid dragons
  13 orc warriors
  A black bear (D:5)
  4 ice beasts
  3 wolves
  3 ogres
  5 centaurs
  3 phantoms
  2 kobold brigands
  Blork the orc (D:5)
  A bullfrog (D:7)
  2 necrophages
  5 scorpions
  A gnoll sergeant (D:7)
  10 wights
  6 killer bees
  2 electric eels (D:10)
  2 howler monkeys
  8 hounds
  4 jellies
  2 gnoll boudas
  19 orc priests
  Jessica (D:3)
  22 orc wizards
  2 iguanas
  Natasha (twice) (D:4)
  Terence (D:3)
  15 gnolls
  4 adders
  A shadow imp (D:8)
  2 ufetubi (D:6)
  A dart slug (D:4)
  95 orcs
  8 ball pythons
  11 endoplasms
  3 giant cockroaches
  7 hobgoblins
  3 jackals (D:5)
  5 quokkas
  7 bats
  3 frilled lizards
  10 goblins
  12 kobolds
  6 rats
380 creatures vanquished.

Vanquished Creatures (others)
  A troll (D:10)
1 creature vanquished.

Grand Total: 381 creatures vanquished

Notes
Turn   | Place    | Note
-------+----------+-------------------------------------------
     0 | D:1      | 112233 the Tengu Air Elementalist began the quest for the
                  | Orb.
     0 | D:1      | Reached XP level 1. HP: 10/10 MP: 4/4
   365 | D:1      | Reached XP level 2. HP: 15/15 MP: 4/6
   502 | D:1      | Found Plog's Antique Armour Shop.
   970 | D:1      | Reached XP level 3. HP: 19/20 MP: 5/7
  1022 | D:1      | Found Udatyufiath's Magic Scroll Shoppe.
  1422 | D:2      | Identified the +2 leather armour of Calculation {*Corrode
                  | Regen+ Int+7 SInv}
  1467 | D:2      | Reached skill level 1 in Fighting
  1537 | D:2      | Learned a level 2 spell: Static Discharge
  1871 | D:2      | Reached XP level 4. HP: 25/25 MP: 5/9
  2082 | D:2      | Found a radiant altar of Vehumet.
  2422 | D:2      | Became a worshipper of Vehumet
  2613 | D:3      | Noticed Jessica
  2621 | D:3      | Killed Jessica
  2624 | D:3      | Reached skill level 1 in Armour
  2829 | D:3      | Learned a level 4 spell: Airstrike
  2891 | D:3      | Noticed Terence
  2903 | D:3      | Killed Terence
  2904 | D:3      | Gained mutation: Your magical nature lets you fly swiftly
                  | and evasively. [Tengu growth]
  2904 | D:3      | Reached XP level 5. HP: 20/29 MP: 0/10
  3337 | D:3      | Found a radiant altar of Vehumet.
  3342 | D:3      | Reached skill level 5 in Air Magic
  3345 | D:3      | Got Vehumet's Catalogue of Blasts
  3376 | D:3      | Found an ancient bone altar of Kikubaaqudgha.
  3381 | D:3      | Reached XP level 6. HP: 35/35 MP: 7/12
  3421 | D:3      | Found a shimmering blue altar of Sif Muna.
  3423 | D:3      | Reached * piety under Vehumet
  3423 | D:3      | Offered knowledge of Sandblast by Vehumet.
  3510 | D:2      | Learned a level 3 spell: Swiftness
  3547 | D:4      | Found a white marble altar of Elyvilon.
  3613 | D:4      | Found an ornate altar of the Wu Jian Council.
  3613 | D:4      | Found a bloodstained altar of Trog.
  4063 | D:4      | Reached XP level 7. HP: 35/40 MP: 6/14
  4175 | D:4      | Found a glowing golden altar of the Shining One.
  4571 | D:4      | Noticed Natasha
  4573 | D:4      | Killed Natasha
  4607 | D:5      | Entered Level 5 of the Dungeon
  4757 | D:4      | Noticed Natasha
  4759 | D:4      | Killed Natasha
  4781 | D:4      | Reached skill level 6 in Air Magic
  5057 | D:5      | Found a snail-covered altar of Cheibriados.
  5065 | D:5      | Reached skill level 5 in Spellcasting
  5100 | D:5      | Noticed Blork the orc
  5108 | D:5      | Killed Blork the orc
  5109 | D:5      | Reached XP level 8. HP: 35/46 MP: 8/16
  5478 | D:5      | Reached ** piety under Vehumet
  5478 | D:5      | Offered knowledge of Freeze by Vehumet.
  5701 | D:5      | Reached skill level 5 in Dodging
  5701 | D:5      | Reached skill level 7 in Air Magic
  5839 | D:5      | Found a basalt altar of Yredelemnul.
  6040 | D:6      | Noticed a two-headed ogre
  6058 | D:6      | Killed a two-headed ogre
  6059 | D:6      | Reached skill level 8 in Air Magic
  6059 | D:6      | Reached XP level 9. HP: 52/52 MP: 14/19
  6787 | D:6      | Reached skill level 5 in Fighting
  6787 | D:6      | Reached skill level 9 in Air Magic
  6957 | D:6      | Reached skill level 5 in Conjurations
  7252 | D:6      | Found a staircase to the Ecumenical Temple.
  7385 | D:6      | Found a runed translucent door.
  7386 | D:6      | Noticed Crazy Yiuf
  7489 | D:6      | Offered knowledge of Dazzling Flash by Vehumet.
  7972 | D:7      | Reached XP level 10. HP: 59/59 MP: 10/22
  8042 | D:7      | Found a sacrificial altar of Ru.
  8138 | D:7      | Reached *** piety under Vehumet
  8501 | D:7      | Reached skill level 10 in Air Magic
  8883 | D:7      | Found an opulent altar of Gozag.
  8887 | D:7      | Found Gozag's Platinum Reserve.
  9341 | D:7      | Found a blossoming altar of Fedhas.
  9361 | D:7      | Noticed an oklob plant
  9651 | D:7      | Offered knowledge of Iskenderun's Mystic Blast by Vehumet.
  9944 | D:8      | Found a transporter.
  9949 | D:8      | Found a transporter.
  9949 | D:8      | Noticed po7itron's ghost (novice TrBe)
 10790 | D:8      | Found a broken altar of Ashenzari.
 11611 | D:9      | Found a shimmering altar of Xom.
 11849 | D:9      | Reached skill level 11 in Air Magic
 12052 | D:9      | Noticed Grum
 12054 | D:9      | Killed Grum
 12288 | D:9      | Reached **** piety under Vehumet
 12289 | D:9      | Reached XP level 11. HP: 64/64 MP: 10/24
 12699 | D:9      | Noticed a two-headed ogre
 12703 | D:9      | Killed a two-headed ogre
 12865 | D:9      | Offered knowledge of Iskenderun's Battlesphere by Vehumet.
 12866 | D:9      | Reached skill level 12 in Air Magic
 13475 | D:10     | Entered Level 10 of the Dungeon
 13894 | D:10     | Found a basalt altar of Yredelemnul.
 13895 | D:10     | Found a glowing silver altar of Zin.
 13897 | D:10     | Found a sacrificial altar of Ru.
 13897 | D:10     | Found a burning altar of Makhleb.
 13968 | D:10     | Noticed a cyan ugly thing
 13977 | D:10     | Killed a cyan ugly thing
 14406 | D:10     | Found Heutaoc's Armour Shoppe.
 14569 | D:10     | Identified the +8 hand axe "Ytobuuz" {protect, rC++ Str+2}
 14574 | D:10     | Got the Almanac of the Blessed Realm
 14742 | D:10     | Noticed a centaur warrior
 14748 | D:10     | Killed a centaur warrior
 15056 | D:10     | Reached skill level 13 in Air Magic
 15319 | D:10     | Found a staircase to the Lair.
 15400 | D:10     | Found a glowing silver altar of Zin.
 16338 | D:11     | Noticed a manticore
 16342 | D:11     | Killed a manticore
 16343 | D:11     | Reached skill level 10 in Spellcasting
 16343 | D:11     | Reached XP level 12. HP: 72/72 MP: 23/27
 16346 | D:11     | Learned a level 2 spell: Blink
 16351 | D:11     | Learned a level 4 spell: Summon Lightning Spire
 16481 | D:12     | Reached ***** piety under Vehumet
 16481 | D:12     | Offered knowledge of Lightning Bolt by Vehumet.
 16724 | D:12     | Found a staircase to the Orcish Mines.
 16871 | D:12     | Noticed an eight-headed hydra
 16874 | D:12     | Killed an eight-headed hydra
 17092 | D:12     | Noticed a two-headed ogre
 17096 | D:12     | Killed a two-headed ogre
 17294 | D:12     | Noticed Nessos
 17301 | D:12     | Killed Nessos
 17380 | D:12     | Noticed a two-headed ogre
 17382 | D:12     | Killed a two-headed ogre
 17931 | D:13     | Noticed a two-headed ogre
 17932 | D:13     | Noticed an ironbound preserver
 17934 | D:13     | Reached skill level 14 in Air Magic
 17936 | D:13     | Killed a two-headed ogre
 18010 | Orc:1    | Entered Level 1 of the Orcish Mines
 18036 | Orc:1    | Noticed Josephine
 18179 | D:12     | Learned a level 5 spell: Lightning Bolt
 18283 | Orc:1    | Killed Josephine
 19165 | Orc:1    | Noticed a two-headed ogre
 19183 | Orc:1    | Killed a two-headed ogre
 19333 | Orc:1    | Offered knowledge of Freezing Cloud by Vehumet.
 19496 | Orc:1    | Noticed an orc high priest
 19506 | Orc:1    | Slain by an orc high priest

Illustrated notes

Levels and vault maps discovered:
D:1:      roderic_chinese_lattice_arrival, layout_basic, serial_shops,
          nicolae_shop_hallway_plus, shop, lemuel_flame_loot_1
D:2:      layout_loops_ring, basic_altar
D:3:      minmay_evil_eye, layout_rooms, palyth_temple_overflow_mages,
          uniq_terence, uniq_jessica
D:4:      layout_loops_ring, nicolae_tso_carved_into_rock,
          gammafunk_temple_overflow_elements, lemuel_round_altar,
          roderic_three_in_a_row, kennysheep_cross_bottleneck,
          minmay_misc_feat_pillars, minmay_misc_feat_ornament, uniq_natasha
D:5:      layout_rooms, cheibriados_altar_1, marbit_many_paths, minivault_26,
          grunt_ministairs_13, uniq_blork_the_orc
D:6:      layout_cave_pods, temple_fountains, uniq_crazy_yiuf_cottage
D:7:      layout_basic, tgw_fedhas, nicolae_gozag_zags_fifth_avenue,
          lemuel_round_altar, minmay_holes
D:8:      layout_cave_pods, cheibrodos_ashenzari_chains, serial_rivers,
          chequers_serial_rivers_room_a, chequers_serial_rivers_room_b,
          chequers_serial_rivers_marsh, chequers_serial_rivers_room_a,
          chequers_serial_rivers_micro_a, chequers_serial_rivers_marsh,
          gammafunk_ghost_arena
D:9:      layout_gridville, xom_butterflies, uniq_grum
D:10:     minmay_the_grid_octo_triangle [minmay_the_grid_octo_chip,
          minmay_the_grid_octo_prize_big_c, minmay_the_grid_octo_shrine],
          layout_cave_pods, mainiacjoe_overflow_tiny_flanked, erik_lair_island,
          serial_shops, shop
D:11:     layout_roguey
D:12:     layout_gridville, hiddenorc2_lemuel, uniq_nessos
D:13:     dreamdust_wu_jian_sword_trials, layout_basic,
          skrybe_vaults_entry_preservation
Orc:1:    layout_caves, gammafunk_ghost_fury_of_okawaru, minmay_orc_temple_c,
          uniq_josephine

Skill      XL: |  1  2  3  4  5  6  7  8  9 10 11 12 |
---------------+-------------------------------------+-----
Fighting       | 1 2 3 4 5 6 7 8 |  8.2
Dodging        | 3 4 5 6 7 8 9 |  9.4
Spellcasting   | 3 4 5 6 7 8 10 11 | 11.0
Armour         | 1 2 |  2.0
Air Magic      | 5 6 8 9 11 13 14 | 14.7
Conjurations   | 3 5 6 8 9 |  9.7
Stealth        | |  2.1

Action                   |  1- 3 |  4- 6 |  7- 9 | 10-12 || total
-------------------------+-------+-------+-------+-------++-------
Melee: Dagger            |     3 |    12 |       |       ||    15
       Kick              |     1 |     4 |     5 |     5 ||    15
       Peck              |     1 |     1 |     2 |     1 ||     5
       Punch             |       |     1 |       |     1 ||     2
       Short sword       |       |       |     7 |    13 ||    20
       Hand axe          |       |       |       |     6 ||     6
 Cast: Shock             |    85 |    96 |    97 |    26 ||   304
       Static Discharge  |       |     2 |    21 |    20 ||    43
       Airstrike         |       |       |    44 |   360 ||   404
       Blink             |       |       |       |     1 ||     1
       Swiftness         |       |       |       |     1 ||     1
       Summon Lightning  |       |       |       |     1 ||     1
Evoke: Wand              |       |       |       |     5 ||     5
  Use: Potion            |       |     2 |     1 |       ||     3
       Scroll            |       |       |       |     1 ||     1
Armor: Robe              |     2 |       |       |       ||     2
       Leather armour    |       |     7 |     5 |    10 ||    22
Dodge: Dodged            |     9 |    13 |    43 |   104 ||   169
Block: Other             |       |     3 |     7 |    20 ||    30
       Reflection        |       |       |     1 |     2 ||     3
